 Dungeon Crawl Stone Soup version 0.29-a0-1027-gcd8c55af63 (webtiles) character file.

Game seed: 14265910310251368964

77 27heaven the Slasher (level 4, -2/38 HPs)
             Began as a Draconian Fighter on Aug 13, 2022.
             Slain by an orc wizard
             ... wielding a +1 dagger of speed
              (4 damage)
             ... on level 3 of the Dungeon.
             The game lasted 00:05:11 (2078 turns).

27heaven the Slasher (Draconian Fighter)            Turns: 2078, Time: 00:05:11

Health: -2/38      AC:  5    Str: 18    XL:     4   Next: 13%
Magic:  4/4        EV: 12    Int:  8    God:
Gold:   170        SH:  4    Dex: 13    Spells: 3/3 levels left

rFire   + . .      SeeInvis .   a - +0 long sword
rCold   + . .      Faith    .   b - +0 buckler
rNeg    . . .      Spirit   .   (body armour unavailable)
rPois   +          Reflect  .   (helmet restricted)
rElec   +          Harm     .   (no cloak)
rCorr   +          Rampage  .   (no gloves)
Will    .....                   (no boots)
Stlth   +.........              (no amulet)
HPRegen 0.12/turn               (no ring)
MPRegen 0.09/turn               (no ring)

@: mighty, resistant
A: AC +5, unfitting armour, cold-blooded
a: no special abilities


You were on level 3 of the Dungeon.
You visited 1 branch of the dungeon, and saw 3 of its levels.

You collected 170 gold pieces.

Inventory:

Hand Weapons
 a - a +0 long sword (weapon)
 e - a +0 dagger of venom
 r - the +7 short sword of Caoczitup {speed, *Slow Will+ Int+2}
   (You found it on level 3 of the Dungeon)

   Attacks with this weapon are significantly faster.
   Int:       It affects your intelligence (+2).
   *Slow:     It may slow you when you take damage.
   Will:      It increases your willpower.
Armour
 b - a +0 buckler (worn)
Jewellery
 n - a ring of fire
Scrolls
 f - 2 scrolls of identify {unknown}
 h - 4 scrolls of noise {unknown}
 j - 3 scrolls of teleportation {unknown}
 k - a scroll of torment {unknown}
 o - a scroll of amnesia {unknown}
Potions
 d - a potion of resistance
 g - a potion of berserk rage {unknown}
 i - a potion of heal wounds {unknown}
 l - a potion of lignification {unknown}
 m - 2 potions of curing
 p - a potion of attraction {unknown}
 q - a potion of degeneration {unknown}


   Skills:
 - Level 3.2 Fighting
 + Level 4.4 Long Blades
 - Level 2.6 Dodging
 - Level 3.0 Shields


You had 3 spell levels left.
You didn't know any spells.
Your spell library contained the following spells:

 Spells                   Type           Power      Damage    Failure   Level
 Call Canine Familiar     Summ           0%         N/A       86%         3
 Portal Projectile        Hex/Tloc       0%         N/A       86%         3
 Leda's Liquefaction      Hex/Erth       0%         N/A       99%         4


Dungeon Overview and Level Annotations

Branches:
Dungeon (3/15)

Altars:
Vehumet


Innate Abilities, Weirdness & Mutations

Your plain brown scales are hard. (AC +5)
You cannot fit into any form of body armour.
You are cold-blooded and may be slowed by cold attacks.


Message History

Something hits you.
You bump into the rock wall.
Something hits you. x2
You bump into the rock wall.
Something hits you.
* * * LOW HITPOINT WARNING * * *
Unknown command.
Unknown command.
Unknown command.
You miss something.
Your tail-slap misses something.
Something hits you.
* * * LOW HITPOINT WARNING * * *
Something hits you.
* * * LOW HITPOINT WARNING * * *
Unknown command.
It was a potion of curing.
You feel better.
You hear some strange, mumbled words.
A magic dart appears from out of thin air!
The magic dart hits you.
Okay, then.
You barely miss something. Something hits you.
* * * LOW HITPOINT WARNING * * *
Something hits you but does no damage.
You miss something. Something hits you.
* * * LOW HITPOINT WARNING * * *
Something hits you.
* * * LOW HITPOINT WARNING * * *
You barely miss something. Something hits you.
* * * LOW HITPOINT WARNING * * *
You feel better.
You hear some strange, mumbled words.
A puff of flame appears from out of thin air!
The puff of flame hits you.
* * * LOW HITPOINT WARNING * * *
It was a potion of resistance.
You feel protected. Something hits you.
* * * LOW HITPOINT WARNING * * *
Something hits you.
* * * LOW HITPOINT WARNING * * *
You feel very mighty all of a sudden. Something hits you.
You die...

#.# #.# #.# #.# ###.###
#.#####.#.
###.....####.#.......
#.............o......
#.#........#o#.#.#.#.
#####.#.....##.#o#.#.#
#...........##.#{#.#.#
#.###(###.####.#@#.#.#
#.# ### #........#.#.#
#<# #.####.###.#.# #.#
#.# #.# #.#.# #.#
#.####.###.#.##### ####
#.# #................##
#... #.#
#.#.<.............####...
#.#
#...###.##...###.........
#.# ##.## #.##.###
#.#####...


You could see 2 orcs.

Vanquished Creatures
  Jessica (D:2)
  2 dart slugs (D:1)
  2 orcs (D:3)
  5 endoplasms
  3 giant cockroaches
  4 goblins
  3 hobgoblins
  4 quokkas
  4 ball pythons (D:1)
  3 bats
  4 frilled lizards
  2 kobolds (D:1)
  4 rats
41 creatures vanquished.

Notes
Turn   | Place    | Note
-------+----------+-------------------------------------------
     0 | D:1      | 27heaven the Draconian Fighter began the quest for the Orb.
     0 | D:1      | Reached XP level 1. HP: 19/19 MP: 1/1
   310 | D:1      | Reached XP level 2. HP: 18/26 MP: 2/2
   413 | D:1      | Reached skill level 3 in Long Blades
   716 | D:1      | You fall into a shaft and drop 1 floor!
  1044 | D:1      | Reached XP level 3. HP: 30/31 MP: 3/3
  1145 | D:2      | Found a faded altar of an unknown god.
  1148 | D:2      | Prayed at the altar of an unknown god.
  1148 | D:2      | Became a worshipper of Vehumet
  1148 | D:2      | Reached * piety under Vehumet
  1148 | D:2      | Offered knowledge of Sandblast by Vehumet.
  1458 | D:2      | Noticed Jessica
  1462 | D:2      | Killed Jessica
  1463 | D:2      | Reached skill level 4 in Long Blades
  1604 | D:2      | Reached XP level 4. HP: 32/38 MP: 4/4
  1906 | D:3      | Identified the +7 short sword of Caoczitup {speed, *Slow
                  | Will+ Int+2}
  1959 | D:3      | Fell from the grace of Vehumet
  2078 | D:3      | Slain by an orc wizard

Illustrated notes

Levels and vault maps discovered:
D:1:      dpeg_arrival_three_bigger_balls, layout_basic, roderic_serpentine_path
D:2:      layout_loops_cross, nicolae_ecumenical_oubliette, uniq_jessica
D:3:      layout_loops_ring, pf_guarded_unrand_woodcutter

Skill      XL: |  1  2  3 |
---------------+----------+-----
Long Blades    | 3 4 |  4.4
Fighting       | |  3.2
Dodging        | |  2.6
Shields        | |  3.0

Action                   |  1- 3 |  4- 6 || total
-------------------------+-------+-------++-------
Melee: Long sword        |    95 |    22 ||   117
       Tailslap          |    11 |     1 ||    12
Invok: Renounce Religion |       |     1 ||     1
  Use: Potion            |       |     4 ||     4
 Stab: Sleeping          |     2 |       ||     2
Armor: Skin              |    27 |     4 ||    31
Dodge: Dodged            |    51 |     6 ||    57
Block: Buckler           |    19 |     2 ||    21

Table legend: (Time is in decaauts)
 A = Elapsed time spent in this place.
 B = Non-inter-level travel time spent in this place.
 C = Inter-level travel time spent in this place.
 D = Time resting spent in this place.
 E = Time spent auto-exploring this place.
 F = Levels seen in this place.
 G = Mean time per level.
                   A        B        C        D        E       F      G
               +--------+--------+--------+--------+--------+-----+--------+
         Total |   2111 |   2018 |     93 |      0 |   1218 |   3 |  703.7 |
       Dungeon |   2111 |   2018 |     93 |      0 |   1218 |   3 |  703.7 |
               +--------+--------+--------+--------+--------+-----+--------+

Top non-repeatable levels by time:
     D:1: 1184 daAuts
     D:2: 634 daAuts
     D:3: 292 daAuts
